 Dungeon Crawl Stone Soup version 0.23-a0-141-g456867d (webtiles) character file.

86 galech the Chopper (level 4, 0/35 HPs)
             Began as a Demonspawn Monk on Aug 31, 2018.
             Slain by a gnoll
             ... wielding a +0 spear
              (8 damage)
             ... on level 2 of the Dungeon.
             The game lasted 00:02:49 (2004 turns).

galech the Chopper (Demonspawn Monk)                Turns: 2004, Time: 00:02:49

Health: 0/35       AC:  6    Str: 11    XL:     4   Next: 26%
Magic:  4/4        EV: 13    Int: 12    God:
Gold:   117        SH:  0    Dex: 16    Spells: 3/3 levels left

rFire    . . .     SeeInvis .   a - +0 hand axe
rCold    . . .     Gourm    .   (no shield)
rNeg     . . .     Faith    .   t - +2 animal skin
rPois    .         Spirit   .   d - +2 hat
rElec    .         Reflect  .   (no cloak)
rCorr    .         Harm     .   (no gloves)
MR       .....                  (no boots)
Stlth    ++++......             (no amulet)
HPRegen  0.11/turn              (no ring)
MPRegen  0.09/turn              (no ring)

@: no status effects
A: nightstalker 2
a: no special abilities


You were on level 2 of the Dungeon.
You were hungry.

You visited 1 branch of the dungeon, and saw 3 of its levels.

You collected 117 gold pieces.

Inventory:

Hand Weapons
 a - a +0 hand axe (weapon)
Armour
 d - a +2 hat (worn)
 t - a +2 animal skin (worn)
Scrolls
 e - 5 scrolls of teleportation {unknown}
 i - a scroll of blinking {unknown}
 l - 2 scrolls of identify {unknown}
 m - a scroll of remove curse {unknown}
 o - a scroll of amnesia {unknown}
 r - a scroll of enchant armour {unknown}
 s - a scroll of fog {unknown}
Potions
 b - a potion of brilliance {unknown}
 g - 2 potions of haste {unknown}
 h - a potion of agility
 j - a potion of curing {unknown}
 k - a potion of invisibility {unknown}
 n - a potion of lignification {unknown}
 q - a potion of magic {unknown}
Comestibles
 c - a ration


   Skills:
 + Level 3.4 Fighting
 + Level 3.7 Axes
 + Level 0.1 Armour
 + Level 3.1 Dodging
 + Level 2.4 Stealth


You had 3 spell levels left.
You didn't know any spells.
Your spell library was empty.

Dungeon Overview and Level Annotations

Branches:
Dungeon (3/15)

Altars:
Cheibriados
Hepliaklqana
Makhleb
Nemelex Xobeh
Xom


Innate Abilities, Weirdness & Mutations

You are significantly more attuned to the shadows.


Message History

The gnoll is moderately wounded.
You hit the gnoll but do no damage. The gnoll hits you but does no damage.
The gnoll misses you.
You completely miss the gnoll.
The gnoll is moderately wounded.
You barely miss the gnoll. The gnoll barely misses you.
The gnoll hits you with a spear.
* * * LOW HITPOINT WARNING * * *
You hit the gnoll.
The gnoll is moderately wounded.
You hit the gnoll. The gnoll barely misses you. x2
You closely miss the gnoll.
The gnoll is moderately wounded.
You hit the gnoll. The gnoll hits you with a spear.
* * * LOW HITPOINT WARNING * * *
The gnoll closely misses you.
You hit the gnoll but do no damage.
The gnoll is moderately wounded.
You hit the gnoll. The gnoll hits you with a spear!
You die...

.#####.###.#
#...###.####.#
...........#
#.##.#..# #.#
######.#####
#.###.#.## #.#
.......# #(#
##.).###.##
#####..#
#.####...##...###
##..#
#.##.......#....#
#...#
#.##........#.#.#
#..##
#.##.......#.##.#
#..#
#.g@g....######.#
#..# #.####...#
#_# #..# #####.#
##### #.# #..#
#.....# #.# #..#
#.###.###### #.#
#..# #.#
#......#### #.#
####..####.#
######.†..#####.#
...........#
#..........#
#####.####.#
###....#######


You could see 2 gnolls.

Vanquished Creatures
  Robin (D:3)
  An adder (D:2)
  2 dart slugs
  3 leopard geckos
  An orc (D:3)
  2 giant cockroaches (D:1)
  13 goblins
  10 hobgoblins
  2 jackals (D:2)
  4 bats
  6 frilled lizards
  5 kobolds
  4 rats (D:2)
54 creatures vanquished.

Notes
Turn   | Place    | Note
-------+----------+-------------------------------------------
     0 | D:1      | galech the Demonspawn Monk began the quest for the Orb.
     0 | D:1      | Reached XP level 1. HP: 18/18 MP: 1/1
   100 | D:1      | Gained mutation: You are slightly more attuned to the
                  | shadows. [demonic ancestry]
   100 | D:1      | Reached XP level 2. HP: 12/24 MP: 2/2
   475 | D:1      | Found a shimmering altar of Xom.
   476 | D:1      | Found a shimmering altar of Xom.
   476 | D:1      | Found a burning altar of Makhleb.
   479 | D:1      | Found a sparkling altar of Nemelex Xobeh.
   479 | D:1      | Found a snail-covered altar of Cheibriados.
   479 | D:1      | Found an iron altar of Okawaru.
   924 | D:2      | Gained mutation: You are significantly more attuned to the
                  | shadows. [demonic ancestry]
   924 | D:2      | Reached XP level 3. HP: 29/29 MP: 3/3
  1325 | D:2      | You fall through a shaft!
  1328 | D:3      | Noticed Robin
  1351 | D:3      | Killed Robin
  1351 | D:3      | Reached XP level 4. HP: 17/35 MP: 4/4
  1687 | D:2      | Found a hazy altar of Hepliaklqana.
  2004 | D:2      | Slain by a gnoll

Vault maps used:
D:1:      dpeg_arrival_chase, doesnt_xom_only_xom
D:2:      overflow_temple_1_default
D:3:      uniq_terence, uniq_robin

Skill      XL: |  1  2  3 |
---------------+----------+-----
Axes           | 3 |  3.7
Stealth        | 2 |  2.4
Dodging        | 3 |  3.1
Fighting       | |  3.4
Armour         | |  0.1

Action                   |  1- 3 |  4- 6 || total
-------------------------+-------+-------++-------
Melee: Hand axe          |   104 |    43 ||   147
 Stab: Sleeping          |     7 |     1 ||     8
       Distracted        |     2 |       ||     2
  Eat: Chunk             |     1 |     2 ||     3
Armor: Robe              |    11 |       ||    11
       Ring mail         |    32 |     2 ||    34
       Animal skin       |       |    13 ||    13
Dodge: Dodged            |    59 |    48 ||   107

Table legend:
 A = Non-vault XP
 B = Vault XP
 C = Vault XP percentage of total XP
 D = Non-vault monster count
 E = Vault monster count
 F = Vault count percentage of total count
                 A         B        C        D         E       F
            +---------+---------+-------+---------+---------+-------
      Total |      86 |      37 |  30.1 |      42 |      12 |  22.2
            +---------+---------+-------+---------+---------+-------
        D:1 |      19 |       0 |   0.0 |       9 |       0 |   0.0
        D:2 |      51 |       0 |   0.0 |      25 |       0 |   0.0
        D:3 |      16 |      37 |  69.8 |       8 |      12 |  60.0
            +---------+---------+-------+---------+---------+-------
